Unix NetHack Version 5.0.0-0 post-release - last build Jun 10 2026 00:39:30 (3ee93aec679c4c4259841fe613dc97188e26a321,branch:main).

Game began 2026-06-15 19:51:35, ended 2026-06-20 19:09:47.

Cuchullain, neutral male human Barbarian

    .................................[.............%.......................
    ..........^.....^`....q......(....................*....................
    ..................<...@c...............................................
    ...........j.......*..............................................n....
    ...#.#.....#.............#...............#....>..#.....#...#.......#...
    ...#.#.#.###.###.#######.###.#####.#####.#.#####.#.#.#.#.#.###.###.#...
    ...#.#.#.. #.# #...#   #...#.#.....#.#...#.#...#.#.#.#...#.. #.# #.#...
    ...#.###.# #.# ###.### ###.###.#####.#.###.###.#.###.#.##### #.# #.#...
    ...#. .#.#.......#...#  .#.....#.......#...#...#...#.#^#  .# #.#  .#...
    ...###.#############.###.#######.#########.#.#.###.#.### #.# #.# ###...
    ...#.#.#...........#...#...[.....#.#    ...#.#.#...#.#   #.#  .#   #...
    ...#.#.# #########.#.#.#.###.#####.# ###.###.###.###.# ###.#####   #...
    ...#.#.#   ..#...#.#.#.#.....#.........#.#...#...#.......#.#..     #...
    ...#.#.#####.#.#.#.###.#.###############.#.###.###########.#.#######...
    ...#.........#.#.......#.................#.................#.......#...
    .......................................................................
    ...........................................................%.......(...
    ..[....................................................................
    ....^.....(...^...................................................^....

Cuchullain the Brigand     St:18/01 Dx:16 Co:17 In:8 Wi:10 Ch:8  Neutral
Dlvl:12 $:0  HP:0(113) Pw:21(21) AC:-15 Xp:11 T:21217  Fainted  Deaf

Latest messages:
 The leocrotta hits!
 The leocrotta bites!
 The leocrotta hits!
 The cockatrice misses!
 The cockatrice misses!
 The leocrotta hits!
 The leocrotta bites!
 The leocrotta misses!
 The leocrotta misses!
 The leocrotta bites!
 The leocrotta misses!
 The cockatrice bites!
 The cockatrice misses!
 The leocrotta hits!
 The leocrotta misses!
 The leocrotta misses!
 The leocrotta hits!
 The leocrotta misses!
 The leocrotta hits!
 The leocrotta hits!
 The leocrotta just misses!
 The leocrotta misses!
 The leocrotta hits!
 The leocrotta bites!
 The leocrotta misses!
 The cockatrice misses!
 The cockatrice misses!
 The leocrotta misses!
 The leocrotta misses!
 The leocrotta hits!
 The leocrotta hits!
 The leocrotta bites!
 The leocrotta hits!
 The leocrotta hits!
 The leocrotta misses!
 The leocrotta hits!
 The leocrotta hits!
 The leocrotta bites!
 The leocrotta misses!
 The leocrotta hits!
 The leocrotta bites!
 The leocrotta hits!
 The leocrotta hits!
 The leocrotta bites!
 You die...
 Do you want your possessions identified? [ynq] (y) y
 Do you want to see your attributes? [ynq] (y) y
 Do you want an account of creatures vanquished? [ynaq] (y) y
 Do you want to see your conduct and achievements? [ynq] (y) y
 Do you want to see the dungeon overview? [ynq] (y) y

Inventory:
 Amulets  ('"')
  J - an uncursed amulet of reflection (being worn)
 Weapons  (')')
  g - 10 +1 darts
  t - 5 +0 daggers
  I - 3 +0 elven daggers
  B - the +0 Orcrist
  q - a +0 silver saber (weapon in right hand)
 Armor    ('[')
  y - an uncursed +0 helmet (being worn)
  h - an uncursed +0 pair of leather gloves (being worn)
  w - a blessed +2 pair of low boots (being worn)
  j - an uncursed +0 elven shield (being worn)
  M - a blessed very burnt +3 cloak of protection (being worn)
  o - a blessed +2 gray dragon scale mail (being worn)
 Scrolls  ('?')
  L - 2 uncursed scrolls of amnesia
  V - an uncursed scroll of amnesia
  U - a blessed scroll of blank paper
  X - an uncursed scroll of blank paper
  G - an uncursed scroll of confuse monster
  N - an uncursed scroll of enchant armor
  K - a cursed scroll of enchant weapon
  W - a cursed scroll of genocide
  P - an uncursed scroll of magic mapping
  O - 2 uncursed scrolls of remove curse
  Y - a cursed scroll of stinking cloud
  E - an uncursed scroll of teleportation
  R - an uncursed scroll of teleportation
 Potions  ('!')
  d - an uncursed potion of oil
  Z - a blessed potion of paralysis
 Rings    ('=')
  A - an uncursed +1 ring of gain strength (on right hand)
  e - an uncursed ring of regeneration
  F - an uncursed ring of sustain ability
 Wands    ('/')
  H - a wand of digging (0:5)
  v - a wand of teleportation (0:0)
 Tools    ('(')
  D - an uncursed oil lamp
  k - an uncursed skeleton key
  r - an uncursed towel
  n - a blessed +0 unicorn horn

Cuchullain the Barbarian's attributes:

Background:
 You were a Brigand, a level 11 male human Barbarian.
 You were neutral, on a mission for Crom
 who was opposed by Mitra (lawful) and Set (chaotic).
 You were right-handed.
 You were in the Dungeons of Doom, on level 12, a very big room.
 You entered the dungeon 21217 turns ago.
 You had 17982 experience points, 2018 more were needed to attain level 12.

Basics:
 You had 0 out of 113 hit points.
 You had all 21 energy points (spell power).
 Your armor class was -15.
 Your wallet was empty.
 Autopickup was off.

Final Characteristics:
 Your strength was 18/01 (peak:18/02, limit:18/100).
 Your dexterity was 16 (peak:17, limit:18).
 Your constitution was 17 (peak:18, limit:18).
 Your intelligence was 8 (limit:18).
 Your wisdom was 10 (limit:18).
 Your charisma was 8 (limit:18).

Final Status:
 You were deaf.
 You were fainted due to starvation.
 You were unencumbered.
 You were wielding a saber.
 You had basic skill with saber.

Final Attributes:
 You were piously aligned.
 You were magic-protected.
 You were cold resistant.
 You were sleep resistant.
 You were poison resistant.
 You were telepathic.
 You had a small defense bonus (+3).
 You were protected.
 You were fast.
 You had reflection.
 You are dead.

Miscellaneous:
 You encountered 1 bones level.
 Total elapsed playing time was 5 hours, 43 minutes and 32 seconds.

Major events:
 Turn
    1: Cuchullain the neutral male human Barbarian entered the dungeon
 1212: attained the rank of Pillager (level 3)
 2836: consulted the Oracle
 3225: attained the rank of Bandit (level 6)
 3256: entered the Gnomish Mines
 4814: reached Mine Town
 7319: entered Sokoban
 7673: completed 1st Sokoban level
 8035: completed 2nd Sokoban level
 9028: entered the Bigroom
10281: attained the rank of Brigand (level 10)
11728: read a Discworld novel
13130: completed 3rd Sokoban level
13943: made his first wish - "blessed +2 gray dragon scale mail", got "a gray dragon scale mail"
16233: acquired the Mines' End luckstone
17571: completed 4th Sokoban level
17939: acquired the Sokoban amulet of reflection
19751: chose an elven broadsword to be named "Orcrist"
21217: killed by a leocrotta, while fainted from lack of food

Spells:
 Name                 Level Category     Fail Retention
 magic missile          2   attack       100%  76%-100%

Skills:
 Fighting Skills
   bare handed combat [Basic]
   two weapon combat  [Basic]
   riding             [Unskilled]
 Weapon Skills
   dagger             [Basic]
   axe                [Expert]
   pick-axe           [Unskilled]
   short sword        [Basic]
   broadsword         [Basic]
   long sword         [Unskilled]
   two-handed sword   [Unskilled]
   saber              [Basic]
   club               [Unskilled]
   mace               [Unskilled]
   morning star       [Unskilled]
   flail              [Unskilled]
   hammer             [Unskilled]
   quarterstaff       [Unskilled]
   spear              [Unskilled]
   trident            [Unskilled]
   bow                [Unskilled]
 Spellcasting Skills
   attack spells      [Unskilled]
   escape spells      [Unskilled]

Voluntary challenges:
 Character rerolling was not enabled.
 You never genocided any monsters.
 You never polymorphed an object.
 You never changed form.
 You used 1 wish.
 You did not wish for any artifacts.
 You violated the special Sokoban rules 6 times.
Achievements:
 You entered a shop.
 You attained the rank of Pillager.
 You consulted the Oracle of Delphi.
 You attained the rank of Bandit.
 You entered the Gnomish Mines.
 You entered Minetown.
 You entered a temple.
 You entered Sokoban.
 You entered the Big Room.
 You attained the rank of Brigand.
 You read from a Discworld novel.
 You completed the Gnomish Mines.
 You completed Sokoban.

 The Dungeons of Doom: levels 1 to 18
    Level 1:
       An altar.
    Level 2:
       A general store.
       Stairs down to The Gnomish Mines.
    Level 3:
       A ring shop.
    Level 4:
       A fountain, a sink.
    Level 5:
    Level 6:
       Some fountains.
       Oracle of Delphi.
    Level 7: "Soko stairs"
       Stairs up to Sokoban, level 6.
    Level 8:
       A food shop.
    Level 9: "stash and altar"
       A temple and an altar to Crom.
    Level 10:
    Level 11:
    Level 12: <- You were here.
       A very big room.
       Final resting place for
          you, killed by a leocrotta, while fainted from lack of food.
    Level 13: "quest call"
       Many fountains, a grave.
       Summoned by Pelias.
    Level 14:
    Level 15:
       A scroll shop, a sink.
    Level 16:
       A fountain.
    Level 17:
       A primitive area.
    Level 18:
       A temple and an altar.
       Final resting place for
          nethacknoob-Kni-Hum-Fem-Law, petrified by a cockatrice corpse.
 The Gnomish Mines: levels 3 to 11
    Level 3:
    Level 4:
    Level 5:
    Level 6:
       Many shops, a temple and an altar, many fountains.
    Level 7:
    Level 8:
    Level 9:
    Level 10:
    Level 11:
 Sokoban: levels 6 up to 3
    Level 3:
       Solved.
    Level 4:
       Solved.
    Level 5:
       Solved.
    Level 6:
       Solved.


Vanquished creatures:
  a ghost
  2 queen bees
  3 giant mimics
  a long worm
  a rock troll
  a large mimic
  7 stalkers
  2 giant zombies
  4 elf-nobles
  3 sergeants
  a warg
  a winter wolf
 11 small mimics
  a glass piercer
  2 warhorses
  3 xans
 an ogre leader
  4 quantum mechanics
  6 trolls
  a gelatinous cube
  5 freezing spheres
  2 flaming spheres
  a shocking sphere
  4 tigers
  a gargoyle
  a dwarf ruler
  4 tengu
 an ochre jelly
  2 energy vortices
  2 mountain centaurs
  3 elf mummies
  a red naga
  a python
  3 pit vipers
  a wraith
  2 carnivorous apes
 an ettin zombie
  a leather golem
  5 Grey-elves
 an amorous demon
  3 chameleons
  2 giant beetles
  2 quivering blobs
  3 cockatrices
  2 wolves
  a lynx
  3 gremlins
  4 leprechauns
  2 iron piercers
  7 giant spiders
  4 scorpions
  a horse
 an ice vortex
  a black light
  4 gnome rulers
 an orc mummy
  2 ogres
  a brown pudding
  4 rust monsters
  4 yetis
  2 gold golems
  7 Green-elves
  8 lizards
  5 chickatrices
  3 dingoes
  2 dogs
  5 jaguars
  3 dwarf leaders
  2 blue jellies
  3 white unicorns
  a dust vortex
  2 ravens
  a plains centaur
  a gnome mummy
  a snake
 11 water moccasins
  2 human zombies
  a rope golem
  4 Woodland-elves
  3 soldier ants
  2 fire ants
  2 bugbears
  2 imps
  3 quasits
  a water nymph
  3 mountain nymphs
 10 Mordor orcs
 10 Uruk-hai
  3 orc shamans
  2 rock piercers
  4 rock moles
  a pony
  a fog cloud
  a yellow light
  3 shriekers
  a violet fungus
 24 gnome leaders
  6 gnomish wizards
  2 kobold mummies
  4 gray oozes
  a barrow wight
  2 elf zombies
  a paper golem
 11 giant ants
  2 little dogs
  9 floating eyes
 19 dwarves
  7 homunculi
  3 kobold leaders
  a kobold shaman
 30 hill orcs
  8 rothes
  2 giant bats
  2 monkeys
  2 orc zombies
  2 wererats
  2 werejackals
  4 iguanas
 18 killer bees
  5 acid blobs
  3 coyotes
  a gas spore
  7 hobbits
 12 manes
  a large kobold
  3 hobgoblins
  7 giant rats
  a cave spider
  a brown mold
  3 yellow molds
  3 green molds
  2 red molds
 60 gnomes
 13 garter snakes
  a gnome zombie
 11 geckos
 12 jackals
  4 foxes
  2 kobolds
  5 goblins
  2 sewer rats
 19 grid bugs
  a bat
  7 lichens
  3 kobold zombies
 14 newts
631 creatures vanquished.

No species were genocided or became extinct.

Game over:
                       ----------
                      /          \
                     /    REST    \
                    /      IN      \
                   /     PEACE      \
                  /                  \
                  |    Cuchullain    |
                  |       0 Au       |
                  |   killed by a    |
                  |    leocrotta     |
                  |                  |
                  |                  |
                  |       2026       |
                 *|     *  *  *      | *
        _________)/\\_//(\/(/\)/\//\/|_)_______

Goodbye Cuchullain the Barbarian...

You died in The Dungeons of Doom on dungeon level 12 with 72898 points,
and 0 pieces of gold, after 21217 moves.
You were level 11 with a maximum of 113 hit points when you died.

